 Dungeon Crawl Stone Soup version 0.29.1 (webtiles) character file.

Game seed: 11237812534390479194

2402 funnyparkerb the Carver (level 9, -5/79 HPs)
             Began as a Minotaur Fighter on Sept 13, 2022.
             Slain by an iguana (9 damage)
             ... on level 7 of the Dungeon.
             The game lasted 00:10:56 (6874 turns).

funnyparkerb the Carver (Minotaur Fighter)          Turns: 6874, Time: 00:10:56

Health: -5/79      AC:  7    Str: 21    XL:     9   Next: 23%
Magic:  8/8        EV: 11    Int:  5    God:
Gold:   137        SH: 10    Dex: 14    Spells: 8/8 levels left

rFire   . . .      SeeInvis +   a - +0 long sword
rCold   . . .      Faith    .   c - +0 buckler
rNeg    . . .      Spirit   .   b - +0 scale mail
rPois   +          Reflect  +   (helmet restricted)
rElec   .          Harm     .   (no cloak)
rCorr   .          Rampage  .   (no gloves)
Will    .....                   (no boots)
Stlth   ..........              C - amulet of reflection
HPRegen 0.23/turn               m - ring of poison resistance
MPRegen 0.11/turn               u - ring of see invisible

@: mighty, about to teleport
A: horns 2, retaliatory headbutt
a: no special abilities


You were on level 7 of the Dungeon.
You visited 2 branches of the dungeon, and saw 9 of its levels.

You collected 365 gold pieces.
You spent 228 gold pieces at shops.

Inventory:

Hand Weapons
 a - a +0 long sword (weapon)
Missiles
 q - 3 javelins (quivered)
Armour
 b - a +0 scale mail (worn)
 c - a +0 buckler (worn)
Jewellery
 g - a ring of ice
 m - a ring of poison resistance (left hand)
 u - a ring of see invisible (right hand)
 C - an amulet of reflection (around neck)
Wands
 y - a wand of mindburst (18)
 z - a wand of flame (23)
Scrolls
 e - 3 scrolls of poison {unknown}
 i - 2 scrolls of vulnerability {unknown}
 j - a scroll of immolation {unknown}
 k - 2 scrolls of amnesia {unknown}
 r - 2 scrolls of fear {unknown}
 t - a scroll of acquirement {unknown}
 w - a scroll of torment {unknown}
 x - 4 scrolls of teleportation
Potions
 h - a potion of attraction
 l - a potion of mutation
 n - 2 potions of resistance
 o - 2 potions of heal wounds
 p - 2 potions of brilliance {unknown}
 A - 2 potions of curing
 B - a potion of lignification {unknown}


   Skills:
 - Level 7.0 Fighting
 + Level 11.9 Long Blades
 - Level 4.0 Armour
 - Level 5.0 Dodging
 - Level 5.0 Shields


You had 8 spell levels left.
You didn't know any spells.
Your spell library contained the following spells:

 Spells                   Type           Power      Damage    Failure   Level
 Sandblast                Erth           0%         2d4       88%         1
 Passwall                 Tmut/Erth      0%         N/A       95%         2
 Stone Arrow              Conj/Erth      0%         3d7       99%         3


Dungeon Overview and Level Annotations

Branches:
Dungeon (8/15)             Temple (1/1) D:5
   Lair: D:8-11

Altars:
Ashenzari
Cheibriados
Elyvilon
Gozag
Kikubaaqudgha
Makhleb
Nemelex Xobeh
Qazlal
Ru
Trog
Uskayaw
Vehumet
Wu Jian

Shops:
D:5 ?

Annotations:
D:7 Joseph


Innate Abilities, Weirdness & Mutations

You have a pair of horns on your head.
You reflexively headbutt those who attack you in melee.


Message History

An orc priest comes into view. It is wielding a +0 trident.
An orc priest is nearby!
You see here a +0 flail.
Joseph, a Mercenary comes into view.
He is wielding a +0 quarterstaff.
Joseph shouts!
Joseph unwields a +0 quarterstaff.
Joseph wields a +0 sling.
Joseph shoots a sling bullet.
You reflect the sling bullet off an invisible shield around you!
The sling bullet closely misses Joseph.
Joseph shoots a sling bullet.
The sling bullet completely misses you.
As you read the scroll of teleportation, it crumbles to dust.
You feel strangely unstable.
Your surroundings suddenly seem different.
An orc, an ufetubus and an iguana come into view.
Found a scroll of teleportation.
Found a stone staircase leading down.
The orc shouts!
The iguana hisses angrily.
You hear a shout!
A centaur comes into view.
The ufetubus moves out of view.
The centaur wields a +0 shortbow.
The centaur shoots an arrow.
You reflect the arrow off an invisible shield around you!
The arrow hits the centaur.
The iguana closely misses you.
The centaur shoots an arrow.
You reflect the arrow off an invisible shield around you!
The arrow hits the centaur!
As you read the scroll of teleportation, it crumbles to dust.
You feel strangely unstable. The iguana bites you. You block the orc's attack.
You barely miss the iguana. The iguana closely misses you.
The centaur shoots an arrow.
The arrow hits you!
* * * LOW HITPOINT WARNING * * *
You block the orc's attack. You block the ufetubus's attack.
The ufetubus hits you.
* * * LOW HITPOINT WARNING * * *
The centaur shoots an arrow.
The arrow hits you!
* * * LOW HITPOINT WARNING * * *
The orc hits you but does no damage. The ufetubus attacks as you move away!
The ufetubus hits you.
* * * LOW HITPOINT WARNING * * *
The ufetubus barely misses you. You block the ufetubus's attack. x2
The iguana attacks as you move away! The iguana bites you!
You die...

#.........
#.......#.
.........##
^..?......####
......c......#
.............#
#....# ###
#..l.#...#
#.o5@...#
#......###
........##
#.......#
#..>.....
#..#.....#
##.##...## #
.....


You could see a centaur, an iguana, an orc and an ufetubus.

Vanquished Creatures
  Grinder (D:5)
  Menkaure (D:5)
  2 water moccasins (D:5)
  An orc warrior (D:7)
  2 sky beasts (D:6)
  2 ogres
  A phantom (D:6)
  A gnoll sergeant (D:6)
  2 necrophages
  3 scorpions
  A water moccasin zombie (D:6)
  A wight (D:6)
  A water moccasin skeleton (D:6)
  A howler monkey (D:5)
  2 hounds
  A bullfrog zombie (D:6)
  2 jellies
  2 bullfrog skeletons (D:6)
  2 centaur skeletons (D:6)
  7 iguanas
  2 orc wizards (D:7)
  A killer bee zombie (D:6)
  2 howler monkey zombies (D:6)
  11 gnolls
  4 adders
  2 ufetubi
  2 worms (D:4)
  5 dart slugs
  7 orcs
  3 bats
  8 endoplasms
  3 giant cockroaches
  5 goblins
  6 hobgoblins
  8 jackals
  4 kobolds
  6 quokkas
  8 ball pythons
  4 frilled lizards
  2 rats (D:2)
129 creatures vanquished.

Vanquished Creatures (others)
  6 withered plants (D:6)
6 creatures vanquished.

Grand Total: 135 creatures vanquished

Notes
Turn   | Place    | Note
-------+----------+-------------------------------------------
     0 | D:1      | funnyparkerb the Minotaur Fighter began the quest for the
                  | Orb.
     0 | D:1      | Reached XP level 1. HP: 19/19 MP: 0/0
    68 | D:1      | Found a faded altar of an unknown god.
    78 | D:1      | Reached skill level 3 in Long Blades
   226 | D:1      | Reached XP level 2. HP: 26/26 MP: 1/1
   543 | D:1      | Reached skill level 4 in Long Blades
   958 | D:2      | Reached XP level 3. HP: 25/31 MP: 2/2
  1235 | D:2      | Found a snail-covered altar of Cheibriados.
  2170 | D:2      | Reached skill level 5 in Long Blades
  2317 | D:2      | Reached XP level 4. HP: 37/39 MP: 3/3
  2406 | D:3      | Found a hide-covered altar of Uskayaw.
  2613 | D:3      | Found a bloodstained altar of Trog.
  2814 | D:3      | Found an ornate altar of the Wu Jian Council.
  2863 | D:3      | Identified the +3 dagger "Difobyph" {freeze, *Rage rElec
                  | rPois Str+8}
  3078 | D:3      | Reached skill level 6 in Long Blades
  3514 | D:4      | Noticed an ogre
  3524 | D:4      | Killed an ogre
  3525 | D:4      | Reached skill level 7 in Long Blades
  3525 | D:4      | Reached XP level 5. HP: 28/45 MP: 4/4
  3553 | D:4      | Reached skill level 8 in Long Blades
  3553 | D:4      | Reached XP level 6. HP: 33/52 MP: 5/5
  3706 | D:4      | Reached skill level 1 in Dodging
  4606 | D:5      | Entered Level 5 of the Dungeon
  4621 | D:5      | Noticed a water moccasin
  4628 | D:5      | Killed a water moccasin
  4629 | D:5      | Reached skill level 5 in Fighting
  4629 | D:5      | Reached XP level 7. HP: 39/61 MP: 6/6
  4761 | D:5      | Found a staircase to the Ecumenical Temple.
  4779 | Temple   | Entered the Ecumenical Temple
  5183 | D:5      | Found Ronack's Magic Scroll Shoppe.
  5193 | D:5      | Reached skill level 5 in Dodging
  5629 | D:5      | Bought a scroll of teleportation for 36 gold pieces
  5629 | D:5      | Bought a scroll of identify for 24 gold pieces
  5629 | D:5      | Bought a scroll of identify for 24 gold pieces
  5629 | D:5      | Bought a scroll of teleportation for 36 gold pieces
  5629 | D:5      | Bought a scroll of identify for 24 gold pieces
  5629 | D:5      | Bought a scroll of identify for 24 gold pieces
  5629 | D:5      | Bought a scroll of teleportation for 36 gold pieces
  5629 | D:5      | Bought a scroll of identify for 24 gold pieces
  5647 | D:5      | Noticed Menkaure
  5655 | D:5      | Killed Menkaure
  5656 | D:5      | Reached XP level 8. HP: 65/70 MP: 7/7
  5707 | D:5      | Noticed Grinder
  5709 | D:5      | Paralysed by Grinder for 4 turns
  5723 | D:5      | Killed Grinder
  5724 | D:5      | Reached skill level 5 in Shields
  6231 | D:5      | Reached skill level 9 in Long Blades
  6434 | D:6      | Reached skill level 10 in Long Blades
  6438 | D:6      | You fall into a shaft and drop 2 floors!
  6449 | D:7      | Found a radiant altar of Vehumet.
  6581 | D:6      | Reached XP level 9. HP: 36/79 MP: 8/8
  6604 | D:6      | Reached skill level 11 in Long Blades
  6852 | D:7      | Noticed Joseph
  6874 | D:7      | Slain by an iguana

Illustrated notes

Levels and vault maps discovered:
D:1:      grunt_arrival_lava_bath, layout_basic, basic_ecumenical_altar
D:2:      layout_loops_corners, basic_altar, dk_vineyard_1,
          kennysheep_generic_room_13
D:3:      layout_loops_corners, mainiacjoe_overflow_small_starburst,
          nicolae_uskayaw_dance_hall, mainiacjoe_overflow_catwalk
D:4:      layout_basic, minmay_pentomino_pile
D:5:      layout_loops_ring, minmay_temple_entry_mini_moons, serial_shops, shop,
          uniq_menkaure, uniq_grinder
D:6:      layout_loops_ring, tso_altar, serial_undead, serial_undead_c,
          serial_undead_e, serial_undead_d, serial_undead_b, serial_undead_a,
          serial_undead_b, serial_undead_f, portal_sewer_entry_d,
          uniq_crazy_yiuf_cottage
D:7:      layout_cave_pools, nicolae_vehumet_radiance,
          lemuel_coloured_pillars_altar, lemuel_doored_altar,
          jmf_multi_god_temple, uniq_joseph
D:8:      layout_rooms, serial_shops, nicolae_lakefront_shop, amethyst_killhole
Temple:   nicolae_temple_superstar

Skill      XL: |  1  2  3  4  5  6  7  8  9 |
---------------+----------------------------+-----
Long Blades    | 3 4 5 7 8 10 11 | 11.9
Fighting       | 5 7 |  7.0
Dodging        | 3 5 |  5.0
Armour         | 4 |  4.0
Shields        | 4 5 |  5.0

Action                   |  1- 3 |  4- 6 |  7- 9 || total
-------------------------+-------+-------+-------++-------
Melee: Long sword        |    93 |   113 |   205 ||   411
       Headbutt          |    12 |    13 |    47 ||    72
Throw: Javelin           |       |     3 |     1 ||     4
  Use: Potion            |       |     1 |     2 ||     3
       Scroll            |       |       |     8 ||     8
Armor: Scale mail        |    48 |    35 |    46 ||   129
Dodge: Dodged            |    46 |    52 |    68 ||   166
Block: Buckler           |    22 |    20 |   101 ||   143
       Reflection        |       |       |     4 ||     4
